 Dungeon Crawl Stone Soup version 0.19-a0-1025-g778f431 (webtiles) character file.

212 mrath the Digger (level 5, -3/28 HPs)
             Began as a Gargoyle Earth Elementalist on July 28, 2016.
             Slain by a giant frog (6 damage)
             ... in a sewer.
             The game lasted 00:19:55 (4396 turns).

mrath the Digger (Gargoyle Earth Elementalist)      Turns: 4396, Time: 00:19:56

Health: -3/28      AC:  8    Str: 11    XL:     5   Next: 90%
Magic:  9/11       EV: 12    Int: 17    God:
Gold:   118        SH:  0    Dex: 10    Spells: 2 memorised, 8 levels left

rFire  . . .     SeeInvis .     b - 36 stones
rCold  . . .     Gourm    .     c - +0 robe
rNeg   + . .     Faith    .     (no shield)
rPois  ∞         Spirit   .     (no helmet)
rElec  +         Dismiss  .     (no cloak)
rCorr  .         Reflect  .     w - +1 pair of gloves
SustAt .         Harm     .     (no boots)
MR     .....                    (no amulet)
Stlth  +.........               (no ring)
                                (no ring)

@: not resistant to hostile enchantments, very unstealthy
A: negative energy resistance 1, electricity resistance, unbreathing,
petrification resistance, rot immunity, AC +4
a: no special abilities


You were in a sewer.
You were not hungry.

You visited 1 branch of the dungeon, and saw 4 of its levels.
You also visited: Sewer.

You collected 118 gold pieces.

Inventory:

Hand Weapons
 a - a +0 short sword
 l - a +0 spear
 u - a +0 mace
 E - a +0 hunting sling
Missiles
 b - 36 stones (in hand)
 s - 13 poisoned needles
Armour
 c - a +0 robe (worn)
 w - a +1 pair of gloves (worn)
Jewellery
 C - an uncursed ring of protection from magic {unknown}
 D - an uncursed ring of magical power {unknown}
 G - an uncursed ring of positive energy {unknown}
Wands
 v - a wand of enslavement (17/24)
 y - a wand of polymorph (6/24)
Scrolls
 f - 4 scrolls of identify
 k - 3 scrolls of remove curse
 p - a scroll of fear
 t - a scroll of enchant armour
 A - a scroll of magic mapping
 B - a scroll of teleportation {unknown}
Potions
 g - 3 potions of curing
 h - 2 potions of might {unknown}
 j - 2 potions of haste {unknown}
 m - a potion of lignification {unknown}
 n - 2 potions of heal wounds {unknown}
 r - a potion of brilliance {unknown}
 x - a potion of resistance {unknown}
 F - a potion of cancellation {unknown}
 H - a potion of flight {unknown}
Books
 e - a book of Geomancy

   Spells                             Type                      Level
   a - Sandblast                      Earth                        1
   b - Passwall                       Transmutation/Earth          2
   c - Stone Arrow                    Conjuration/Earth            3
   d - Petrify                        Transmutation/Earth          4
   e - Lee's Rapid Deconstruction     Earth                        5
Comestibles
 d - a bread ration
 i - 2 fruits
 o - 2 meat rations
 q - a slice of pizza
 z - 2 chunks of flesh


   Skills:
 + Level 0.4 Fighting
 - Level 1.5 Dodging
 - Level 2.1 Stealth
 * Level 4.4 Spellcasting
 * Level 1.3 Conjurations
   Level 0.7 Transmutations
 + Level 5.1 Earth Magic


You had 8 spell levels left.
You knew the following spells:

 Your Spells              Type           Power        Failure   Level  Hunger
a - Sandblast             Erth           ###...       1%          1    None
b - Stone Arrow           Conj/Erth      ##....       14%         3    ###....


Dungeon Overview and Level Annotations

Branches:
Dungeon (4/15)
 Temple: D:4-7

Altars:
Zin

Shops:
D:4 *


Innate Abilities, Weirdness & Mutations

You are resistant to torment.
Your stone body is resilient. (AC +4)
You are immune to poison.
You resist negative energy. (rN+)
You are resistant to electric shocks. (rElec)
You can survive without breathing.
You are immune to petrification.
You are immune to rotting.


Message History

Casting: Sandblast
Confirm with . or Enter, or press ? or * to list all spells.
Aiming: Sandblast
Press: ? - help, Shift-Dir - straight line, f - giant frog
Aim: a giant frog The rocky blast hits the giant frog.
The giant frog is heavily wounded.
The giant frog barely misses you. The giant frog closely misses you.
The giant newt closely misses you. The giant frog barely misses you.
The giant frog hits you but does no damage.
Casting: Sandblast
Confirm with . or Enter, or press ? or * to list all spells.
Aiming: Sandblast
Press: ? - help, Shift-Dir - straight line, f/p - giant frog
Aim: a giant frog (heavily wounded)
The rocky blast hits the giant frog.
The giant frog is almost dead.
The giant frog hits you but does no damage.
The giant newt misses you. The giant frog hits you.
You die...

######## #.∩÷∩..≈
######## #
#####################
##....................
#..≈≈≈≈≈≈≈≈≈≈≈≈≈≈≈≈≈≈≈
#.≈≈≈≈≈≈≈≈≈≈≈≈≈≈≈≈≈≈≈≈
#.≈≈≈@≈≈≈≈≈≈≈≈≈≈≈≈≈≈≈≈
#.≈≈lFF.≈≈≈≈≈≈≈≈≈≈....
#.≈≈≈.≈≈≈≈≈≈≈≈≈≈≈≈≈≈≈≈
#≈≈≈≈.≈≈≈≈≈≈≈≈≈≈≈≈≈≈≈≈
#≈≈≈≈≈≈≈≈≈≈≈≈..≈≈≈≈≈≈≈
#.≈≈≈≈≈≈≈≈≈≈≈≈≈≈≈≈≈≈≈≈
#≈≈≈≈≈≈≈≈≈≈≈.≈≈≈|.≈≈≈≈
#≈≈≈≈≈≈≈≈≈≈≈.≈≈$[).≈≈≈
#≈≈≈≈≈≈≈≈≈.≈..≈.!...≈≈


You could see 2 giant frogs and a giant newt.

Vanquished Creatures
  2 river rats (D:4)
  12 adders
  2 oozes (D:2)
  A worm (D:2)
  3 giant geckos
  3 ball pythons
  6 bats
  4 giant cockroaches
  7 hobgoblins
  4 jackals (D:3)
  2 quokkas
  10 giant newts
  6 goblins
  5 kobolds
  14 rats
81 creatures vanquished.

Notes
Turn   | Place    | Note
-------+----------+-------------------------------------------
     0 | D:1      | mrath the Gargoyle Earth Elementalist began the quest for the Orb.
     0 | D:1      | Reached XP level 1. HP: 10/10 MP: 3/3
   477 | D:1      | Reached XP level 2. HP: 9/15 MP: 1/5
   752 | D:1      | Reached skill level 4 in Earth Magic
  1239 | D:2      | Reached XP level 3. HP: 19/19 MP: 2/7
  1886 | D:2      | Reached XP level 4. HP: 13/24 MP: 3/8
  2369 | D:3      | Learned a level 3 spell: Stone Arrow
  3061 | D:3      | Reached XP level 5. HP: 26/28 MP: 2/10
  3551 | D:4      | Found Zin's Purification Station.
  3552 | D:4      | Found a glowing silver altar of Zin.
  3600 | D:4      | Reached skill level 5 in Earth Magic
  3678 | D:4      | Found a glowing drain.
  3885 | Sewer    | Entered a sewer
  3907 | Sewer    | Reached skill level 1 in Conjurations
  4396 | Sewer    | Slain by a giant frog

Vault maps used:
D:1:      minmay_arrival_diagonal_passages
D:3:      minmay_misc_feat_diagonals
D:4:      lemuel_doored_altar, zin_purify, kennysheep_mini_moat, first_bread,
          portal_sewer_entry_e, kennysheep_generic_room_8, uniq_natasha,
          uniq_edmund
Sewer:    sewer_frog_island_01

Skill      XL: |  1  2  3  4  5 |
---------------+----------------+-----
Earth Magic    | 4 5 |  5.1
Spellcasting   | 3 4 |  4.4
Conjurations   | 1 |  1.3
Fighting       | |  0.4
Dodging        | |  1.5
Stealth        | |  2.1
Transmutations | |  0.7

Action                   |  1- 3 |  4- 6 || total
-------------------------+-------+-------++-------
Melee: Spear             |    55 |   118 ||   173
 Cast: Sandblast         |    41 |    80 ||   121
  Use: Scroll            |       |     6 ||     6
 Stab: Sleeping          |     1 |     1 ||     2
  Eat: Chunk             |     3 |     8 ||    11
Armor: Robe              |    16 |    70 ||    86
Dodge: Dodged            |    34 |   185 ||   219
